 Dungeon Crawl Stone Soup version 0.20.1-1-g8b1a95d (webtiles) character file.

52 Ymberti the Firebug (level 3, -2/19 HPs)
             Began as a Deep Elf Fire Elementalist on Sept 16, 2017.
             Slain by an adder (4 damage)
             ... on level 2 of the Dungeon.
             The game lasted 00:06:50 (1139 turns).

Ymberti the Firebug (Deep Elf Fire Elementalist)    Turns: 1139, Time: 00:06:51

Health: -2/19      AC:  2    Str: 10    XL:     3   Next: 60%
Magic:  4/10       EV: 18    Int: 20    God:
Gold:   56         SH:  0    Dex: 20    Spells: 8/9 levels left

rFire    . . .     SeeInvis .   j - +0 short sword
rCold    . . .     Gourm    .   (no shield)
rNeg     . . .     Faith    .   a - +0 robe
rPois    .         Spirit   .   (no helmet)
rElec    .         Reflect  .   (no cloak)
rCorr    .         Harm     .   (no gloves)
MR       .....                  (no boots)
Stlth    +++.......             (no amulet)
Regen    0.1/turn               (no ring)
MPRegen  0.2/turn               (no ring)

@: mighty, agile, about to teleport, flying
A: no striking features
a: no special abilities


You were on level 2 of the Dungeon.
You were hungry.

You visited 1 branch of the dungeon, and saw 3 of its levels.

You collected 56 gold pieces.

Inventory:

Hand Weapons
 j - a +0 short sword (weapon)
Armour
 a - a +0 robe (worn)
Scrolls
 e - a scroll of identify
 h - 2 scrolls of enchant armour
Potions
 g - a potion of agility
 i - a potion of haste {unknown}
 m - 2 potions of flight
Books
 b - a book of Flames

   Spells                             Type                      Level
   a - Flame Tongue                   Conjuration/Fire             1
   b - Throw Flame                    Conjuration/Fire             2
   c - Conjure Flame                  Conjuration/Fire             3
   d - Inner Flame                    Hexes/Fire                   3
   e - Sticky Flame                   Conjuration/Fire             4
   f - Fireball                       Conjuration/Fire             5
Comestibles
 c - 2 bread rations
 d - a royal jelly
 f - a meat ration


   Skills:
 + Level 0.6 Short Blades
 + Level 2.5 Dodging
 + Level 2.6 Stealth
 + Level 3.9 Spellcasting
 + Level 1.7 Conjurations
 + Level 4.1 Fire Magic


You had 8 spell levels left.
You knew the following spells:

 Your Spells              Type           Power        Failure   Level  Hunger
a - Flame Tongue          Conj/Fire      ###..        4%          1    None


Dungeon Overview and Level Annotations

Branches:
Dungeon (3/15)

Altars:
Dithmenos

Annotations:
D:2 Terence


Message History

h - 2 scrolls of enchant armour Terence misses you.
The adder bites you.
As you read the scroll labeled ACAUPN UDEUZ, it crumbles to dust.
The creatures around you are filled with an inner flame!
It was a scroll of immolation.
The adder misses you. Terence misses you.
Press: ? - help, v - describe, . - travel A stone staircase leading down.
Unknown command.
As you read the scroll labeled NOIMUG GODUAJ, it crumbles to dust.
You feel strangely unstable.
It was a scroll of teleportation.
The adder closely misses you. Terence hits you with a flail.
* * * LOW HITPOINT WARNING * * *
The adder barely misses you.
It was a potion of flight.
You feel very buoyant.
You fly up into the air.
The adder misses you. Terence barely misses you.
It was a potion of might.
You feel very mighty all of a sudden. The adder bites you.
You die...

#############
............#############
...............S@@#.....#
......##.##.#####รท#.###.#
..###.##.##.## #...#
#.######### ..#
#.#...........#.# #..........
..#
#.......####..#.....#####.###
..# ###..#..# #..###.### #.#
..## #...... #..# #.# #.#
...####..#..#. #..# # # #.#
......>.....# .... #.###


You could see Terence (inner flame) and an adder (inner flame).

Vanquished Creatures
  A leopard gecko (D:1)
  4 orcs (D:3)
  3 giant cockroaches (D:1)
  7 hobgoblins
  7 jackals
  3 kobolds (D:1)
  7 bats
  4 frilled lizards
  8 rats
44 creatures vanquished.

Notes
Turn   | Place    | Note
-------+----------+-------------------------------------------
     0 | D:1      | Ymberti the Deep Elf Fire Elementalist began the quest for the Orb.
     0 | D:1      | Reached XP level 1. HP: 10/10 MP: 6/6
   211 | D:1      | Reached XP level 2. HP: 10/15 MP: 0/8
   767 | D:2      | Reached XP level 3. HP: 16/19 MP: 5/10
   788 | D:2      | Reached skill level 4 in Fire Magic
  1071 | D:2      | Found a shadowy altar of Dithmenos.
  1116 | D:3      | Noticed Terence
  1139 | D:2      | Slain by an adder

Skill      XL: |  1  2  3 |
---------------+----------+-----
Fire Magic     | 4 |  4.1
Short Blades   | |  0.6
Dodging        | |  2.5
Stealth        | |  2.6
Spellcasting   | |  3.9
Conjurations   | |  1.7

Action                   || total
-------------------------++-------
Melee: Unarmed           ||     7
       Short sword       ||    14
 Cast: Flame Tongue      ||    73
  Use: Scroll            ||     3
       Potion            ||     3
 Stab: Sleeping          ||     3
Armor: Robe              ||     8
Dodge: Dodged            ||    45
